 Dungeon Crawl Stone Soup version 0.25-a0-613-gf4b266557c (webtiles) character file.

Game seed: 12904643612512369026, levelgen mode: deterministic

1605 Deathex the Insei (level 8, 0/61 HPs)
             Began as a Demonspawn Monk on Mar 17, 2020.
             Slain by a killer bee (1 damage)
             ... on level 6 of the Dungeon.
             The game lasted 01:12:54 (13500 turns).

Deathex the Insei (Demonspawn Monk)                Turns: 13500, Time: 01:12:55

Health: 0/61       AC: 13    Str: 11      XL:     8   Next: 63%
Magic:  0/8        EV: 15    Int: 11      God:
Gold:   50         SH:  0    Dex: 18 (19) Spells: 7/7 levels left

rFire    + . .     SeeInvis .     - Unarmed
rCold    . . .     Gourm    .   (no shield)
rNeg     . . .     Faith    .   g - +0 leather armour
rPois    .         Spirit   +   (helmet restricted)
rElec    .         Reflect  .   f - scarf {repulsion}
rCorr    .         Harm     .   (no gloves)
MR       +....                  B - +0 pair of boots
Stlth    ++........             (no amulet)
HPRegen  0.20/turn              x - ring of protection from magic
MPRegen  0.11/turn              A - ring of protection from fire

@: lethally poisoned (0 -> -10), sanguine armour, stab, repel missiles
A: horns 1, magic shield, sanguine armour 2
a: no special abilities


You were on level 6 of the Dungeon.
You were not hungry.

You visited 1 branch of the dungeon, and saw 6 of its levels.

You collected 219 gold pieces.
You spent 169 gold pieces at shops.

Inventory:

Missiles
 c - 32 poisoned darts
 e - 189 stones (quivered)
 k - 106 arrows
 l - 94 bolts
 I - 20 sling bullets
Armour
 a - a +1 robe
 f - a scarf of repulsion (worn)
 g - a +0 leather armour (worn)
 j - a +2 ring mail of fire resistance
 r - a +1 robe
 B - a +0 pair of boots (worn)
Jewellery
 x - a ring of protection from magic (left hand)
 A - a ring of protection from fire (right hand)
 C - a +6 ring of dexterity {unknown}
 D - a +5 ring of protection {unknown}
Wands
 b - a wand of random effects (11)
 d - a wand of digging (7)
 t - a wand of paralysis (2)
Scrolls
 s - a scroll of remove curse
 y - a scroll of amnesia
 E - a scroll of noise {unknown}
 F - a scroll of teleportation {unknown}
 H - a scroll of magic mapping {unknown}
Potions
 h - a potion of ambrosia {unknown}
 n - a potion of haste {unknown}
 o - 2 potions of mutation {unknown}
 p - a potion of might {unknown}
 q - 3 potions of magic
 u - 4 potions of lignification
 v - a potion of degeneration {unknown}
 z - a potion of brilliance {unknown}
 G - a potion of resistance {unknown}
Comestibles
 m - 5 rations


   Skills:
 + Level 4.4 Fighting
 + Level 3.5 Armour
 + Level 5.2 Dodging
 + Level 3.0 Stealth
 + Level 7.5 Unarmed Combat
 + Level 0.4 Evocations


You had 7 spell levels left.
You didn't know any spells.
Your spell library contained the following spells:

 Spells                   Type           Power        Failure   Level  Hunger
 Corona                   Hex            #......      41%         1    ##.....
 Magic Dart               Conj           #...         41%         1    ##.....
 Ensorcelled Hibernation  Hex/Ice        #.....       56%         2    ###....
 Searing Ray              Conj           #.....       56%         2    ###....
 Confusing Touch          Hex            #.......     80%         3    ####...
 Dazzling Flash           Conj/Hex       #.....       80%         3    ####...
 Tukima's Dance           Hex            #.......     80%         3    ####...
 Fulminant Prism          Conj/Hex       #.........   99%         4    #####..
 Iskenderun's Mystic Bla  Conj/Tloc      #.......     99%         4    #####..


Dungeon Overview and Level Annotations

Branches:
Dungeon (6/15)             Temple (0/1) D:4

Altars:

Shops:
D:5 *

Annotations:
D:4 Menkaure


Innate Abilities, Weirdness & Mutations

You have a pair of small horns on your head.
When hurt, damage is shared between your health and your magic reserves.
When seriously injured, your bleeding wounds create thick armour. (AC +9)


Message History

The killer bee stings you but does no damage.
The killer bee misses you. The killer bee stings you.
* * * LOW HITPOINT WARNING * * *
You are lethally poisoned!
The killer bee poisons you! The killer bee stings you!
* * * LOW HITPOINT WARNING * * *
The killer bee stings you.
* * * LOW HITPOINT WARNING * * *
The killer bee stings you but does no damage.
The killer bee misses you.
It was a potion of stabbing.
You feel ready to backstab.
* * * LOW HITPOINT WARNING * * *
You feel sick. The killer bee stings you.
* * * LOW HITPOINT WARNING * * *
The killer bee misses you.
The killer bee stings you but does no damage. x2
The killer bee stings you.
You die...

...#########
#..# #....#
.....!.....##
#..# ##....
............##
#..# #....
.......y.....##
#..# #####
.......####...#
#..# ##.....#
##..### #..##
##....# ##...##
#...### ##.!.#
##.yy###.....###
#...#
##y@.###......##
#...# ##..#
##......# #..#
###...)## #.##
##....#### ##.#
#........ #..#
#........ #.##
#......## #.##
#.....## #..#
#.....#


You could see 3 killer bees.

Vanquished Creatures
  Eustachio (D:6)
  Sigmund (D:3)
  A water moccasin (D:6)
  An ogre (D:6)
  A centaur (D:5)
  A wyvern skeleton (D:6)
  3 scorpions
  4 crimson imps
  A hound (D:5)
  An orc priest (D:6)
  Jessica (D:3)
  2 iguanas
  Ijyb (D:2)
  3 orc wizards
  Natasha (thrice) (D:4)
  5 worker ants
  A hound zombie (D:5)
  Robin (D:3)
  4 gnolls (D:4)
  7 adders
  An ooze (D:3)
  An adder zombie (D:5)
  5 worms
  A dart slug (D:2)
  6 leopard geckos
  16 orcs
  22 bats
  2 giant cockroaches
  17 goblins
  8 hobgoblins
  7 jackals (D:4)
  A quokka (D:6)
  4 ball pythons
  3 frilled lizards
  5 kobolds
  A leopard gecko skeleton (D:4)
  11 rats
  A fungus (D:5)
155 creatures vanquished.

Vanquished Creatures (others)
  A crimson imp (D:6)
  10 fungi (D:5)
11 creatures vanquished.

Grand Total: 166 creatures vanquished

Notes
Turn   | Place    | Note
-------+----------+-------------------------------------------
     0 | D:1      | Deathex the Demonspawn Monk began the quest for the Orb.
     0 | D:1      | Reached XP level 1. HP: 18/18 MP: 1/1
   355 | D:1      | Gained mutation: When seriously injured, your bleeding
                  | wounds create armour. (AC +9) [demonic ancestry]
   355 | D:1      | Reached XP level 2. HP: 24/24 MP: 2/2
   509 | D:1      | Reached skill level 3 in Unarmed Combat
  1211 | D:2      | Gained mutation: When seriously injured, your bleeding
                  | wounds create thick armour. (AC +9) [demonic ancestry]
  1211 | D:2      | Reached XP level 3. HP: 20/29 MP: 3/3
  3129 | D:2      | Gained mutation: When hurt, damage is shared between your
                  | health and your magic reserves. [demonic ancestry]
  3129 | D:2      | Reached XP level 4. HP: 33/35 MP: 4/4
  3211 | D:3      | Noticed Jessica
  3211 | D:3      | Noticed Sigmund
  3272 | D:3      | Noticed Ijyb
  3286 | D:2      | Paralysed by Ijyb for 5 turns
  3462 | D:2      | Killed Ijyb
  3672 | D:3      | Killed Jessica
  3672 | D:3      | Reached skill level 1 in Armour
  3672 | D:3      | Reached skill level 4 in Unarmed Combat
  3957 | D:3      | Gained mutation: You have a pair of small horns on your
                  | head. [demonic ancestry]
  3957 | D:3      | Reached XP level 5. HP: 37/41 MP: 5/5
  4438 | D:3      | Killed Sigmund
  4438 | D:3      | Reached XP level 6. HP: 21/47 MP: 1/6
  4651 | D:3      | You fall into a shaft and drop 2 floors!
  4651 | D:5      | Entered Level 5 of the Dungeon
  4652 | D:5      | Noticed Eustachio
  5631 | D:4      | Noticed Natasha
  5648 | D:4      | Killed Natasha
  5883 | D:4      | Found a staircase to the Ecumenical Temple.
  6473 | D:4      | Noticed Natasha
  6489 | D:4      | Killed Natasha
  6489 | D:4      | Reached skill level 5 in Unarmed Combat
  6776 | D:4      | Reached XP level 7. HP: 32/53 MP: 4/7
  7201 | D:4      | Noticed Robin
  7902 | D:4      | Noticed Natasha
  8238 | D:4      | Killed Natasha
  8639 | D:3      | Killed Robin
  9049 | D:4      | Noticed Menkaure
 10153 | D:5      | Reached skill level 6 in Unarmed Combat
 10508 | D:5      | Found Ceeseile's Assorted Antiques.
 10529 | D:5      | Bought a pair of boots for 117 gold pieces
 10529 | D:5      | Bought a scroll of identify for 52 gold pieces
 10751 | D:5      | Reached XP level 8. HP: 36/60 MP: 6/8
 11584 | D:5      | Reached skill level 7 in Unarmed Combat
 12872 | D:6      | Killed Eustachio
 12872 | D:6      | Reached skill level 5 in Dodging
 13500 | D:6      | HP: 2/61 [poisoned by a killer bee]
 13500 | D:6      | Slain by a killer bee

Levels and vault maps discovered:
D:1:      saegor_arrival_simple_d, layout_basic
D:2:      layout_basic
D:3:      layout_rooms, bh_walls_and_bars, uniq_ijyb, uniq_jessica, uniq_sigmund
D:4:      layout_basic, minmay_temple_entry_purple_smoke, first_ration,
          uniq_robin, uniq_menkaure, uniq_natasha
D:5:      old_forge, layout_basic, serial_shops, nicolae_shop_crystal,
          serial_glass, glass_columns_c, glass_columns_a, glass_columns_c,
          uniq_eustachio
D:6:      layout_layer_cave, uniq_pikel

Skill      XL: |  1  2  3  4  5  6  7  8 |
---------------+-------------------------+-----
Unarmed Combat | 3 4 5 6 7 |  7.5
Stealth        | 2 3 |  3.0
Dodging        | 3 4 5 |  5.2
Armour         | 1 2 3 |  3.5
Fighting       | 4 |  4.4
Evocations     | |  0.4

Action                   |  1- 3 |  4- 6 |  7- 9 || total
-------------------------+-------+-------+-------++-------
Melee: Unarmed           |   164 |   283 |   409 ||   856
       Headbutt          |       |    29 |    86 ||   115
       Punch             |       |     2 |     7 ||     9
Evoke: Wand              |       |       |     6 ||     6
  Use: Scroll            |     2 |     3 |     5 ||    10
       Potion            |       |     3 |     2 ||     5
 Stab: Sleeping          |     4 |       |       ||     4
       Distracted        |       |       |     1 ||     1
       Held in net/web   |       |       |     1 ||     1
  Eat: Chunk             |     3 |     8 |    12 ||    23
       Ration            |     1 |     1 |     3 ||     5
Armor: Robe              |     6 |       |       ||     6
       Leather armour    |    21 |   130 |   179 ||   330
Dodge: Dodged            |    83 |   227 |   429 ||   739
       Deflected         |       |     8 |    16 ||    24

Table legend:
 A = Non-vault XP
 B = Vault XP
 C = Vault XP percentage of total XP
 D = Non-vault monster count
 E = Vault monster count
 F = Vault count percentage of total count
                 A         B        C        D         E       F
            +---------+---------+-------+---------+---------+-------
      Total |    1559 |     735 |  32.0 |     123 |      31 |  20.1
            +---------+---------+-------+---------+---------+-------
        D:1 |      28 |       0 |   0.0 |      17 |       0 |   0.0
        D:2 |      75 |      36 |  32.4 |      27 |       1 |   3.6
        D:3 |     193 |     257 |  57.1 |      24 |       7 |  22.6
        D:4 |     415 |      50 |  10.8 |      31 |       9 |  22.5
        D:5 |     408 |     189 |  31.7 |      13 |      13 |  50.0
        D:6 |     440 |     203 |  31.6 |      11 |       1 |   8.3
            +---------+---------+-------+---------+---------+-------
